 Dungeon Crawl Stone Soup version 0.27-a0-1105-g946c659c87 (webtiles) character file.

Game seed: 309094580948469602

425 rjrrt the Chopper (level 6, 0/47 HPs)
             Began as a Demonspawn Berserker on Apr 30, 2021.
             Was a Priest of Trog.
             Frozen to death by an endoplasm (4 damage)
             ... on level 4 of the Dungeon.
             The game lasted 00:05:23 (3204 turns).

rjrrt the Chopper (Demonspawn Berserker)            Turns: 3204, Time: 00:05:23

Health: 0/47       AC: 12    Str: 19    XL:     6   Next: 64%
Magic:  6/6        EV:  6    Int:  9    God:    Trog [***...]
Gold:   407        SH:  0    Dex: 14    Spells: 5/5 levels left

rFire    . . .     SeeInvis .   a - +0 hand axe (elec)
rCold    . . .     Faith    .   (no shield)
rNeg     . . .     Spirit   .   n - +0 plate armour
rPois    .         Reflect  .   (no helmet)
rElec    .         Harm     .   (no cloak)
rCorr    .         Rampage  .   b - +1 pair of gloves
Will     +....                  (no boots)
Stlth    ..........             (no amulet)
HPRegen  0.15/turn              c - ring of willpower
MPRegen  0.10/turn              (no ring)

@: no status effects
A: thin skeletal structure 1, demonic magic 1
a: Renounce Religion, Berserk, Trog's Hand


You were on level 4 of the Dungeon.
You worshipped Trog.
Trog was most pleased with you.
You visited 1 branch of the dungeon, and saw 4 of its levels.

You collected 407 gold pieces.

Inventory:

Hand Weapons
 a - a +0 hand axe of electrocution (weapon)
 l - a +0 flail
 m - a +0 spear
Armour
 b - a +1 pair of gloves (worn)
 n - a +0 plate armour (worn)
Jewellery
 c - a ring of willpower (left hand)
Wands
 d - a wand of flame (14)
Scrolls
 g - a scroll of identify
Potions
 e - 2 potions of might
 f - a potion of haste
 h - a potion of curing
 i - a potion of flight {unknown}
 j - 2 potions of attraction {unknown}
 k - 2 potions of cancellation


   Skills:
 - Level 3.0 Fighting
 + Level 6.9 Axes
 - Level 1.7 Armour
 - Level 1.7 Dodging


You had 5 spell levels left.
You didn't know any spells.
Your spell library was empty.

Dungeon Overview and Level Annotations

Branches:
Dungeon (4/15)
 Temple: D:4-7

Altars:
Ashenzari

Shops:
D:3 [


Innate Abilities, Weirdness & Mutations

You have a somewhat thin skeletal structure. (Dex +2, Stealth+)
Spells you cast may paralyse adjacent enemies.


Message History

Unknown command.
You closely miss the orc. You hit the orc wizard.
Lightning courses through the orc wizard!
You kill the orc wizard!
Trog accepts your kill.
Trog appreciates your killing of a magic user.
The orc barely misses you.
Unknown command.
The orc hits you but does no damage.
Things that are here:
a +0 dagger; a +0 robe Unknown command.
The orc hits you but does no damage.
Unknown command.
You hit the orc but do no damage. Lightning courses through the orc!
You kill the orc!
Trog accepts your kill.
You hit the orc.
The orc hits you with a +2 flail of draining.
* * * LOW HITPOINT WARNING * * *
You feel drained.
Your life force feels restored.
You barely miss the orc.
The orc is heavily wounded.
The orc barely misses you.
Unknown command.
You barely miss the orc.
The orc is heavily wounded.
You hit the endoplasm but do no damage. The orc barely misses you.
The endoplasm freezes you.
You are frozen.
* * * LOW HITPOINT WARNING * * *
Unknown command.
You slash the orc!
You kill the orc!
Trog accepts your kill.
You hit the endoplasm. The endoplasm freezes you.
You are frozen.
You die...

.. ...### # #.. .....###
##.. #.. .
.##.#...####...# #.. .
.............# #.# .
#.....J)...# #.###.
#.....)@...## #.....
.......))...#######.....
<......)............)†..
.......))..........†....
........?...........†..#
...........#.#...##.....
...............#..##...#
.......####.............
....... #....#.....##.


You could see an endoplasm.

Vanquished Creatures
  2 scorpions (D:4)
  2 hounds
  Terence (D:3)
  2 orc wizards (D:4)
  5 adders
  3 gnolls (D:3)
  A worm (D:2)
  5 dart slugs
  7 orcs (D:4)
  3 endoplasms (D:1)
  15 giant cockroaches
  3 goblins
  4 hobgoblins
  11 jackals
  2 quokkas
  6 ball pythons
  2 bats
  6 kobolds
  7 rats
87 creatures vanquished.

Notes
Turn   | Place    | Note
-------+----------+-------------------------------------------
     0 | D:1      | rjrrt the Demonspawn Berserker began the quest for the Orb.
     0 | D:1      | Reached XP level 1. HP: 18/18 MP: 1/1
    36 | D:1      | Reached skill level 3 in Axes
   205 | D:1      | Found a faded altar of an unknown god.
   230 | D:1      | Gained mutation: You have a somewhat thin skeletal
                  | structure. (Dex +2, Stealth+) [demonic ancestry]
   230 | D:1      | Reached XP level 2. HP: 13/24 MP: 2/2
   935 | D:1      | Reached XP level 3. HP: 29/29 MP: 3/3
  1002 | D:2      | You fall into a shaft and drop 1 floor!
  1002 | D:3      | Found Ategotho's Armour Shoppe.
  1105 | D:3      | Reached skill level 4 in Axes
  1197 | D:3      | Reached ** piety under Trog
  1360 | D:3      | Reached XP level 4. HP: 29/35 MP: 4/4
  1421 | D:3      | Noticed Terence
  1435 | D:3      | Killed Terence
  1714 | D:2      | Reached skill level 5 in Axes
  2366 | D:3      | Found a broken altar of Ashenzari.
  2498 | D:3      | Gained mutation: Spells you cast may paralyse adjacent
                  | enemies. [demonic ancestry]
  2498 | D:3      | Reached XP level 5. HP: 41/41 MP: 5/5
  3046 | D:3      | Identified a scroll of acquirement
  3046 | D:3      | Acquired 325 gold pieces
  3104 | D:4      | Reached *** piety under Trog
  3105 | D:4      | Reached skill level 6 in Axes
  3153 | D:4      | Reached XP level 6. HP: 14/47 MP: 6/6
  3204 | D:4      | Frozen to death by an endoplasm

Illustrated notes

Levels and vault maps discovered:
D:1:      minmay_arrival_four_houses, layout_rooms,
          ebering_ecumenical_altar_rust
D:2:      layout_basic, minivault_4, roderic_serpentine_path
D:3:      minmay_roachtagon, layout_loops_ring, nicolae_ashenzari_panopticon,
          serial_shops, shop, dk_vineyard_1, uniq_terence
D:4:      layout_rooms, nicolae_vehumet_radiance

Skill      XL: |  1  2  3  4  5 |
---------------+----------------+-----
Axes           | 3 4 5 6 |  6.9
Fighting       | |  3.0
Armour         | |  1.7
Dodging        | |  1.7

Action                   |  1- 3 |  4- 6 || total
-------------------------+-------+-------++-------
Melee: Hand axe          |   112 |   158 ||   270
Invok: Berserk           |     1 |     2 ||     3
  Use: Scroll            |     4 |     7 ||    11
       Potion            |       |     1 ||     1
 Stab: Sleeping          |     1 |       ||     1
Armor: Animal skin       |     4 |       ||     4
       Chain mail        |    59 |    76 ||   135
       Plate armour      |       |    53 ||    53
Dodge: Dodged            |    68 |    65 ||   133

Table legend: (Time is in decaauts)
 A = Elapsed time spent in this place.
 B = Non-inter-level travel time spent in this place.
 C = Inter-level travel time spent in this place.
 D = Time resting spent in this place.
 E = Time spent auto-exploring this place.
 F = Levels seen in this place.
 G = Mean time per level.
                   A        B        C        D        E       F      G
               +--------+--------+--------+--------+--------+-----+--------+
         Total |   3256 |   3234 |     22 |    246 |   2314 |   4 |  814.0 |
       Dungeon |   3256 |   3234 |     22 |    246 |   2314 |   4 |  814.0 |
               +--------+--------+--------+--------+--------+-----+--------+

Top non-repeatable levels by time:
     D:3: 1334 daAuts
     D:1: 1014 daAuts
     D:2: 766 daAuts
     D:4: 141 daAuts
